 Dungeon Crawl Stone Soup version 0.27.1-33-g824d729ab1 (webtiles) character file.

Game seed: 18053477314515803819

147 Grabarz the Stinger (level 5, 0/28 HPs)
             Began as a Tengu Venom Mage on Dec 7, 2021.
             Slain by Natasha (3 damage)
             ... on level 3 of the Dungeon.
             The game lasted 00:30:12 (3981 turns).

Grabarz the Stinger (Tengu Venom Mage)              Turns: 3981, Time: 00:30:13

Health: 0/28       AC:  2    Str:  8    XL:     5   Next: 29%
Magic:  7/10       EV: 15    Int: 17    God:
Gold:   90         SH:  0    Dex: 14    Spells: 3/9 levels left

rFire    . . .     SeeInvis .   b - +1 whip (elec)
rCold    . . .     Faith    .   (no shield)
rNeg     . . .     Spirit   .   a - +0 robe
rPois    +         Reflect  .   (helmet restricted)
rElec    .         Harm     .   (no cloak)
rCorr    .         Rampage  .   (no gloves)
Will     .....                  (boots unavailable)
Stlth    ++........             (no amulet)
HPRegen  0.09/turn              e - ring of poison resistance
MPRegen  0.12/turn              (no ring)

@: flying quickly and evasively, quick
A: beak, talons 3, nimble flight
a: no special abilities


You were on level 3 of the Dungeon.
You visited 1 branch of the dungeon, and saw 3 of its levels.

You collected 90 gold pieces.

Inventory:

Hand Weapons
 b - a +1 whip of electrocution (weapon)
Armour
 a - a +0 robe (worn)
Jewellery
 e - a ring of poison resistance (left hand)
Scrolls
 d - 2 scrolls of identify
 f - a scroll of amnesia {unknown}
Potions
 c - a potion of haste
 g - a potion of might {unknown}
 h - a potion of degeneration {unknown}


   Skills:
 + Level 0.5 Fighting
 + Level 1.3 Maces & Flails
 + Level 2.6 Dodging
 + Level 2.1 Stealth
 + Level 2.9 Spellcasting
 + Level 1.0 Transmutations
 + Level 2.3 Air Magic
 + Level 4.1 Poison Magic


You had 3 spell levels left.
You knew the following spells:

 Your Spells              Type           Power      Damage    Failure   Level
a - Sting                 Tmut/Pois      44%        1d5       6%          1
b - Poisonous Vapours     Pois/Air       26%        N/A       7%          2
c - Mephitic Cloud        Conj/Pois/Air  9%         N/A       22%         3

Your spell library contained the following spells:

 Spells                   Type           Power      Damage    Failure   Level
 Shock                    Conj/Air       24%        1d4       11%         1
 Corona                   Hex            2%         N/A       19%         1
 Swiftness                Air            10%        N/A       21%         3
 Ensorcelled Hibernation  Hex/Ice        4%         N/A       26%         2
 Tukima's Dance           Hex            2%         N/A       47%         3
 Olgreb's Toxic Radiance  Pois           16%        N/A       32%         4
 Airstrike                Air            5%         N/A       54%         4


Dungeon Overview and Level Annotations

Branches:
Dungeon (3/15)

Altars:
Makhleb

Annotations:
D:3 Natasha


Innate Abilities, Weirdness & Mutations

You have a beak for a mouth.
You have claws for feet.
Your magical nature lets you fly swiftly and evasively.


Message History

You closely miss Natasha. You claw Natasha.
Natasha is almost dead.
Natasha claws you.
You hit Natasha.
You kill Natasha!
Natasha growls in agony!
The shadow imp disappears in a puff of smoke!
You start resting.
Magic restored.
You start resting.
Natasha, Servant of Life and Death comes into view.
Casting: Sting (safe; 6% risk of failure)
Confirm with . or Enter, or press ? or * to list all spells.
Aiming: Poisonous Vapours (safe; 7% risk of failure)
Press: ? - help, Dir - move target, f - Natasha
Aim: Natasha (wandering, hasn't noticed you) Poisonous vapours surround Natasha!
Natasha is poisoned.
Natasha hisses angrily.
Natasha claws you!
Casting: Poisonous Vapours (safe; 7% risk of failure)
Confirm with . or Enter, or press ? or * to list all spells.
Okay, then.
Aiming: Sting (safe; 6% risk of failure)
Press: ? - help, Q - select action, (/) - cycle Shift-Dir - straight line, f/p - Natasha
Aim: Natasha (lightly wounded, poisoned, 64% to hit)
The sting hits Natasha.
Natasha looks even sicker.
Natasha is moderately wounded.
Natasha stares at you and mumbles some strange words.
The magic dart hits you!
You miss Natasha.
Natasha is moderately wounded.
Natasha claws you!
* * * LOW HITPOINT WARNING * * *
You closely miss Natasha. Your kick misses Natasha. Your peck misses Natasha.
Natasha is moderately wounded.
Natasha closely misses you.
You closely miss Natasha. Your kick misses Natasha.
Natasha is heavily wounded.
Natasha claws you.
You die...

######## ####
#......####.#
....
#.#........#
####
#.#.##.####.#
#.#.##.#
#....#.#
#......#
##....h###
#.....@..#
#.#...##.#
#.###.##.#
#.###.#..#
#.##.....####
#
#.##........'.
+
#.##.#...####.
# #.##.##..#
#........#


You could see Natasha (poisoned).

Vanquished Creatures
  Natasha (twice) (D:3)
  Robin (D:2)
  4 adders
  An orc (D:3)
  6 ball pythons
  3 endoplasms
  A giant cockroach (D:1)
  8 goblins
  3 hobgoblins (D:2)
  5 jackals
  2 quokkas
  2 bats
  7 frilled lizards
  5 kobolds
  4 rats
54 creatures vanquished.

Vanquished Creatures (others)
  6 plants (D:2)
6 creatures vanquished.

Grand Total: 60 creatures vanquished

Notes
Turn   | Place    | Note
-------+----------+-------------------------------------------
     0 | D:1      | Grabarz the Tengu Venom Mage began the quest for the Orb.
     0 | D:1      | Reached XP level 1. HP: 10/10 MP: 4/4
   246 | D:1      | Reached XP level 2. HP: 5/15 MP: 3/6
   449 | D:1      | Learned a level 2 spell: Poisonous Vapours
  1132 | D:2      | Found a burning altar of Makhleb.
  1271 | D:2      | Reached XP level 3. HP: 5/19 MP: 1/7
  1554 | D:2      | Found a faded altar of an unknown god.
  1559 | D:2      | Noticed Robin
  1591 | D:2      | Killed Robin
  1592 | D:2      | Reached skill level 1 in Air Magic
  1692 | D:2      | Learned a level 3 spell: Mephitic Cloud
  2030 | D:2      | Reached XP level 4. HP: 22/24 MP: 4/8
  2124 | D:2      | Reached skill level 1 in Transmutations
  2947 | D:3      | Reached skill level 1 in Maces & Flails
  3332 | D:3      | Noticed Natasha
  3343 | D:3      | Killed Natasha
  3344 | D:3      | Gained mutation: Your magical nature lets you fly swiftly
                  | and evasively. [Tengu growth]
  3344 | D:3      | Reached XP level 5. HP: 28/28 MP: 5/10
  3777 | D:3      | Reached skill level 4 in Poison Magic
  3841 | D:3      | Noticed Natasha
  3852 | D:3      | Killed Natasha
  3974 | D:3      | Noticed Natasha
  3981 | D:3      | Slain by Natasha

Illustrated notes

Levels and vault maps discovered:
D:1:      erik_arrival_orb_chamber, layout_basic
D:2:      layout_loops_ring, chequers_ecumenical_altar_island, serial_forest,
          infiniplex_forest_clump_medium, infiniplex_forest_clump_double,
          infiniplex_forest_clump_cross, infiniplex_forest_lined_room_2,
          infiniplex_forest_clump_diagonal, infiniplex_forest_zigzag_1,
          infiniplex_forest_end_2, basic_altar, hangedman_decor_diamond_cutter,
          minmay_misc_feat_chi, serial_bayou_pond_b, uniq_robin
D:3:      layout_loops_corners, uniq_natasha

Skill      XL: |  1  2  3  4  5 |
---------------+----------------+-----
Air Magic      | 1 2 |  2.3
Transmutations | 1 |  1.0
Maces & Flails | 1 |  1.3
Poison Magic   | 4 |  4.1
Fighting       | |  0.5
Dodging        | |  2.6
Stealth        | |  2.1
Spellcasting   | |  2.9

Action                   |  1- 3 |  4- 6 || total
-------------------------+-------+-------++-------
Melee: Whip              |    51 |    36 ||    87
       Kick              |     4 |     5 ||     9
       Peck              |     4 |       ||     4
 Cast: Sting             |    23 |     5 ||    28
       Poisonous Vapours |    19 |    15 ||    34
       Mephitic Cloud    |       |     1 ||     1
  Use: Scroll            |     4 |       ||     4
Armor: Robe              |     9 |     6 ||    15
Dodge: Dodged            |    48 |    20 ||    68
